 Dungeon Crawl Stone Soup version 0.23.2-40-g277498a001 (webtiles) character file.

Game seed: 3206345315813353371

5204 ANON1729 the Magician (level 10, -15/74 HPs)
             Began as a Gnoll Fire Elementalist on Aug 22, 2019.
             Was an Elder of Cheibriados.
             Demolished by a two-headed ogre
             ... wielding a +0 giant club
              (24 damage)
             ... on level 8 of the Dungeon.
             The game lasted 00:30:42 (10473 turns).

ANON1729 the Magician (Gnoll Fire Elementalist)    Turns: 10473, Time: 00:30:49

Health: -15/74     AC:  6    Str: 19    XL:     10   Next: 60%
Magic:  13/21      EV: 19    Int: 33    God:    Cheibriados [****..]
Gold:   450        SH:  0    Dex: 24    Spells: 15/23 levels left

rFire    + . .     SeeInvis .   y - +1 dagger (venom)
rCold    + + .     Gourm    .   (no shield)
rNeg     . . .     Faith    .   G - +1 robe of Masochism {rC++ Int+2}
rPois    .         Spirit   .   (no helmet)
rElec    .         Reflect  .   H - +1 cloak
rCorr    .         Harm     .   w - +0 pair of gloves
MR       .....                  (no boots)
Stlth    ++++......             A - amulet of regeneration
HPRegen  0.62/turn              M - ring of protection from cold
MPRegen  0.17/turn              C - ring of fire

@: very slow
A: distributed training, fangs 1, strong nose
a: Bend Time, Temporal Distortion, Slouch, Renounce Religion


You were on level 8 of the Dungeon.
You worshipped Cheibriados.
Cheibriados was greatly pleased with you.
You were not hungry.

You visited 2 branches of the dungeon, and saw 9 of its levels.
You also visited: Sewer.

You collected 450 gold pieces.

Inventory:

Hand Weapons
 u - a +0 dagger of freezing
 y - a +1 dagger of venom (weapon)
 E - a +2 scimitar of freezing
 F - a +3 war axe
 N - a +0 shortbow of flaming
Missiles
 q - 22 poisoned needles (quivered)
 r - 2 needles of confusion
 O - 12 arrows
Armour
 a - a +0 robe
 k - a +0 leather armour
 w - a +0 pair of gloves (worn)
 G - the +1 robe of Masochism (worn) {rC++ Int+2}
   (You found it on level 6 of the Dungeon)

   It affects your intelligence (+2).
   It greatly protects you from cold.
 H - a +1 cloak (worn)
Magical Staves
 I - an uncursed staff of summoning
 K - an uncursed staff of conjuration
Jewellery
 t - an uncursed ring of flight
 A - an amulet of regeneration (around neck)
 C - a ring of fire (right hand)
 M - a ring of protection from cold (left hand)
Wands
 x - a wand of paralysis (3)
Scrolls
 b - 5 scrolls of remove curse
 i - 2 scrolls of immolation
 j - 2 scrolls of enchant weapon
 l - 4 scrolls of teleportation
 m - 2 scrolls of fear {unknown}
 n - 3 scrolls of blinking
 o - a scroll of noise {unknown}
 s - 3 scrolls of magic mapping
 D - 2 scrolls of amnesia {unknown}
 J - a scroll of holy word {unknown}
Potions
 d - 2 potions of haste {unknown}
 e - 4 potions of heal wounds
 f - a potion of resistance {unknown}
 g - a potion of ambrosia {unknown}
 h - 3 potions of might
 p - a potion of degeneration {unknown}
 v - 4 potions of invisibility {unknown}
 z - a potion of mutation {unknown}
 B - a potion of berserk rage {unknown}
 L - a potion of magic {unknown}
Comestibles
 c - 7 rations


   Skills:
 + Level 5.3 Fighting
 + Level 5.3 Short Blades
 + Level 5.3 Long Blades
 + Level 5.3 Axes
 + Level 5.3 Maces & Flails
 + Level 5.3 Polearms
 + Level 5.3 Staves
 + Level 5.3 Slings
 + Level 5.3 Bows
 + Level 5.3 Crossbows
 + Level 5.3 Throwing
 + Level 5.3 Armour
 + Level 7.1 Dodging
 + Level 6.8 Stealth
 + Level 5.3 Shields
 + Level 5.3 Unarmed Combat
 + Level 7.4 Spellcasting
 + Level 5.0 Conjurations
 + Level 4.4 Hexes
 + Level 4.4 Charms
 + Level 4.4 Summonings
 + Level 4.4 Necromancy
 + Level 4.4 Translocations
 + Level 4.4 Transmutations
 + Level 7.1 Fire Magic
 + Level 4.4 Ice Magic
 + Level 4.4 Air Magic
 + Level 4.4 Earth Magic
 + Level 4.4 Poison Magic
 + Level 5.9 Invocations
 + Level 5.3 Evocations


You had 15 spell levels left.
You knew the following spells:

 Your Spells              Type           Power        Failure   Level  Hunger
a - Flame Tongue          Conj/Fire      #####        1%          1    None
b - Conjure Flame         Conj/Fire      ######..     1%          3    None
c - Sticky Flame          Conj/Fire      ######..     3%          4    #......

Your spell library contained the following spells:

 Spells                   Type           Power        Failure   Level  Hunger
 Animate Skeleton         Necr           N/A          1%          1    None
 Apportation              Tloc           #####.       1%          1    None
 Confusing Touch          Hex            #####.       1%          1    None
 Summon Small Mammal      Summ           ####         1%          1    None
 Throw Flame              Conj/Fire      ######       1%          2    None
 Inner Flame              Hex/Fire       ######..     1%          3    None
 Fireball                 Conj/Fire      ######....   9%          5    ####...


Dungeon Overview and Level Annotations

Branches:
Dungeon (8/15)             Temple (1/1) D:5            Lair (0/6) D:8

Altars:
Ashenzari
Cheibriados
Dithmenos
Elyvilon
Fedhas
Gozag
Hepliaklqana
Kikubaaqudgha
Makhleb
Nemelex Xobeh
Okawaru
Qazlal
Ru
Sif Muna
Trog
Uskayaw
Vehumet
Wu Jian
Xom
Yredelemnul
Zin
The Shining One

Shops:
D:4 ==


Innate Abilities, Weirdness & Mutations

Your experience applies equally to all skills.
You have very sharp teeth.
Your uncanny sense of smell can sniff out nearby items.


Message History

* * * LOW HITPOINT WARNING * * *
The two-headed ogre barely misses you.
Unknown command.
Casting: Flame Tongue (safe; 1% risk of failure)
Confirm with . or Enter, or press ? or * to list all spells.
Aiming: Flame Tongue (safe; 1% risk of failure)
Press: ? - help, Shift-Dir - straight line, f/p - two-headed ogre
Aim: a two-headed ogre, wielding two +0 giant clubs (moderately wounded, covered in liquid flames)
You feel a surge of power!
The flame tongue hits the two-headed ogre!
The two-headed ogre is heavily wounded.
The two-headed ogre burns!
The flow of time bends around you.
Cheibriados rebukes the two-headed ogre.
The two-headed ogre seems to slow down.
You feel slightly more hungry.
The two-headed ogre burns!
The two-headed ogre hits you with a +0 giant club!
* * * LOW HITPOINT WARNING * * *
The two-headed ogre hits you with a +0 giant club!!
You die...

∆ #... #... ######
#########..###.
#..?.$.........
#######)............
#....##......<......
#..................
#..@.##.....##...#
#.O..##.....##...###
#....##......'.....#
######.......#.....#
#.##+####.....#
#.......#.....#
#.......#.....+
#.......#.....#
#.......##'####


You could see a two-headed ogre (burning).

Vanquished Creatures
  The ghost of FishyPogo the Ducker, a novice MiGl (D:5)
  A hippogriff (D:8)
  A basilisk (D:8)
  A yak (D:8)
  Menkaure (D:5)
  2 sky beasts
  An ice beast (D:5)
  2 black bears (D:6)
  6 ogres
  4 centaurs
  A big kobold (Sewer)
  A crocodile (D:8)
  5 bullfrogs
  Blork the orc (D:5)
  A wyvern zombie (D:6)
  5 scorpions
  5 killer bees (D:8)
  5 howler monkeys
  8 wights (D:6)
  3 crimson imps
  2 jellies (D:5)
  A bullfrog zombie (D:6)
  A quasit (D:6)
  2 orc priests
  2 centaur zombies (D:7)
  5 hounds
  Crazy Yiuf (D:6)
  10 orc wizards
  2 bullfrog skeletons (D:5)
  An iguana (D:7)
  Natasha (thrice) (D:4)
  6 worker ants
  A killer bee zombie (D:6)
  A bullfrog simulacrum (D:5)
  A hound skeleton (D:6)
  Robin (D:4)
  A howler monkey skeleton (D:7)
  8 adders
  3 river rats (Sewer)
  A hound simulacrum (D:5)
  A shadow imp (D:5)
  A white imp (D:5)
  3 oozes
  An adder skeleton (D:6)
  3 worms
  2 dart slugs (D:4)
  2 adder simulacra (D:5)
  11 leopard geckos
  29 orcs
  2 ball pythons
  12 bats
  8 giant cockroaches
  20 goblins
  3 hobgoblins (D:1)
  6 jackals
  14 kobolds
  3 frilled lizards (D:1)
  A jackal skeleton (D:5)
  A leopard gecko skeleton (D:4)
  A quokka simulacrum (D:5)
  A quokka zombie (D:5)
  6 rats
  A bush (D:6)
240 creatures vanquished.

Notes
Turn   | Place    | Note
-------+----------+-------------------------------------------
     0 | D:1      | ANON1729 the Gnoll Fire Elementalist began the quest for
                  | the Orb.
     0 | D:1      | Reached XP level 1. HP: 13/13 MP: 6/6
   145 | D:1      | Reached XP level 2. HP: 11/19 MP: 7/7
   914 | D:1      | Reached XP level 3. HP: 25/25 MP: 9/9
   936 | D:1      | Reached skill level 5 in Spellcasting
  1439 | D:2      | Reached skill level 1 in Invocations
  1734 | D:2      | Reached skill level 1 in Fighting
  1734 | D:2      | Reached skill level 1 in Short Blades
  1734 | D:2      | Reached skill level 1 in Long Blades
  1734 | D:2      | Reached skill level 1 in Axes
  1734 | D:2      | Reached skill level 1 in Maces & Flails
  1734 | D:2      | Reached skill level 1 in Polearms
  1734 | D:2      | Reached skill level 1 in Staves
  1734 | D:2      | Reached skill level 1 in Slings
  1734 | D:2      | Reached skill level 1 in Bows
  1734 | D:2      | Reached skill level 1 in Crossbows
  1734 | D:2      | Reached skill level 1 in Throwing
  1734 | D:2      | Reached skill level 1 in Armour
  1734 | D:2      | Reached skill level 1 in Shields
  1734 | D:2      | Reached skill level 1 in Unarmed Combat
  1734 | D:2      | Reached skill level 1 in Evocations
  1734 | D:2      | Reached XP level 4. HP: 29/32 MP: 8/11
  2346 | D:3      | Reached skill level 1 in Hexes
  2346 | D:3      | Reached skill level 1 in Charms
  2346 | D:3      | Reached skill level 1 in Summonings
  2346 | D:3      | Reached skill level 1 in Necromancy
  2346 | D:3      | Reached skill level 1 in Translocations
  2346 | D:3      | Reached skill level 1 in Transmutations
  2346 | D:3      | Reached skill level 1 in Ice Magic
  2346 | D:3      | Reached skill level 1 in Air Magic
  2346 | D:3      | Reached skill level 1 in Earth Magic
  2346 | D:3      | Reached skill level 1 in Poison Magic
  2346 | D:3      | Reached XP level 5. HP: 32/37 MP: 0/12
  2515 | D:3      | Found a glowing drain.
  2564 | Sewer    | Entered a sewer
  3020 | Sewer    | Reached XP level 6. HP: 44/44 MP: 11/13
  3249 | D:3      | Learned a level 4 spell: Sticky Flame
  3253 | D:3      | Learned a level 3 spell: Conjure Flame
  3314 | D:3      | Reached skill level 5 in Dodging
  3667 | D:4      | Noticed Natasha
  3673 | D:4      | Killed Natasha
  3733 | D:4      | Found Aqogess's Jewellery Shoppe.
  3788 | D:4      | Noticed Natasha
  3796 | D:4      | Killed Natasha
  4013 | D:4      | Noticed Robin
  4021 | D:4      | Reached XP level 7. HP: 50/50 MP: 9/15
  4045 | D:4      | Killed Robin
  4176 | D:4      | Noticed Natasha
  4181 | D:4      | Killed Natasha
  4211 | D:4      | Found Follec's Jewellery Emporium.
  4675 | D:5      | Entered Level 5 of the Dungeon
  4675 | D:5      | Noticed Menkaure
  4677 | D:5      | Killed Menkaure
  5033 | D:5      | Reached skill level 5 in Stealth
  5045 | D:5      | Noticed Blork the orc
  5065 | D:5      | Killed Blork the orc
  5216 | D:5      | Found a runed translucent gate.
  5216 | D:5      | Found a runed translucent gate.
  5439 | D:5      | Reached XP level 8. HP: 57/57 MP: 10/16
  5449 | D:5      | Paralysed by an orc for 7 turns
  5482 | D:5      | Found a runed translucent gate.
  5650 | D:5      | Noticed FishyPogo's ghost (novice MiGl)
  5861 | D:5      | Found a staircase to the Ecumenical Temple.
  5870 | Temple   | Entered the Ecumenical Temple
  6028 | Temple   | Became a worshipper of Cheibriados the Contemplative
  6531 | D:5      | Killed FishyPogo's ghost
  6668 | D:6      | Found a bloodstained altar of Trog.
  6680 | D:6      | Reached XP level 9. HP: 65/65 MP: 7/18
  6894 | D:6      | Reached * piety under Cheibriados
  7778 | D:6      | Got an ichor-stained robe
  7789 | D:6      | Identified the cursed +1 robe of Masochism {rC++ Int+2}
                  | (You found it on level 6 of the Dungeon)
  7901 | D:6      | Found a radiant altar of Vehumet.
  7901 | D:6      | Found a glowing golden altar of the Shining One.
  7901 | D:6      | Found an ancient bone altar of Kikubaaqudgha.
  7965 | D:6      | Found a shattered altar of Ashenzari.
  8169 | D:6      | Reached ** piety under Cheibriados
  8194 | D:6      | Found a stormy altar of Qazlal.
  8272 | D:6      | Reached skill level 5 in Invocations
  8350 | D:6      | Found a runed translucent door.
  8353 | D:6      | Noticed Crazy Yiuf
  8457 | D:6      | Killed Crazy Yiuf
  8847 | D:7      | Reached XP level 10. HP: 73/73 MP: 20/20
  9040 | D:7      | Reached *** piety under Cheibriados
  9180 | D:7      | Found a burning altar of Makhleb.
  9332 | D:7      | Reached skill level 5 in Fighting
  9332 | D:7      | Reached skill level 5 in Short Blades
  9332 | D:7      | Reached skill level 5 in Long Blades
  9332 | D:7      | Reached skill level 5 in Axes
  9332 | D:7      | Reached skill level 5 in Maces & Flails
  9332 | D:7      | Reached skill level 5 in Polearms
  9332 | D:7      | Reached skill level 5 in Staves
  9332 | D:7      | Reached skill level 5 in Slings
  9332 | D:7      | Reached skill level 5 in Bows
  9332 | D:7      | Reached skill level 5 in Crossbows
  9332 | D:7      | Reached skill level 5 in Throwing
  9332 | D:7      | Reached skill level 5 in Armour
  9332 | D:7      | Reached skill level 5 in Shields
  9332 | D:7      | Reached skill level 5 in Unarmed Combat
  9332 | D:7      | Reached skill level 5 in Evocations
  9952 | D:8      | Reached **** piety under Cheibriados
 10194 | D:8      | Found a staircase to the Lair.
 10358 | D:8      | Noticed a two-headed ogre
 10393 | D:8      | Reached skill level 5 in Conjurations
 10473 | D:8      | Demolished by a two-headed ogre

Skill      XL: |  1  2  3  4  5  6  7  8  9 10 |
---------------+-------------------------------+-----
Conjurations   | 2 3 4 5 |  5.0
Spellcasting   | 5 6 7 |  7.4
Invocations    | 1 2 3 4 5 |  5.9
Fighting       | 1 2 3 4 5 |  5.3
Short Blades   | 1 2 3 4 5 |  5.3
Long Blades    | 1 2 3 4 5 |  5.3
Axes           | 1 2 3 4 5 |  5.3
Maces & Flails | 1 2 3 4 5 |  5.3
Polearms       | 1 2 3 4 5 |  5.3
Staves         | 1 2 3 4 5 |  5.3
Slings         | 1 2 3 4 5 |  5.3
Bows           | 1 2 3 4 5 |  5.3
Crossbows      | 1 2 3 4 5 |  5.3
Throwing       | 1 2 3 4 5 |  5.3
Armour         | 1 2 3 4 5 |  5.3
Shields        | 1 2 3 4 5 |  5.3
Unarmed Combat | 1 2 3 4 5 |  5.3
Evocations     | 1 2 3 4 5 |  5.3
Hexes          | 1 2 3 4 |  4.4
Charms         | 1 2 3 4 |  4.4
Summonings     | 1 2 3 4 |  4.4
Necromancy     | 1 2 3 4 |  4.4
Translocations | 1 2 3 4 |  4.4
Transmutations | 1 2 3 4 |  4.4
Ice Magic      | 1 2 3 4 |  4.4
Air Magic      | 1 2 3 4 |  4.4
Earth Magic    | 1 2 3 4 |  4.4
Poison Magic   | 1 2 3 4 |  4.4
Dodging        | 5 6 7 |  7.1
Stealth        | 5 6 |  6.8
Fire Magic     | 6 7 |  7.1

Action                   |  1- 3 |  4- 6 |  7- 9 | 10-12 || total
-------------------------+-------+-------+-------+-------++-------
Melee: Dagger            |    97 |    76 |   224 |   105 ||   502
       Club              |     3 |       |       |       ||     3
       Bite              |     4 |     3 |    34 |    22 ||    63
       Punch             |       |       |     5 |     3 ||     8
       Quarterstaff      |       |       |    25 |       ||    25
       Staff             |       |       |       |    21 ||    21
 Cast: Flame Tongue      |    15 |    85 |   157 |    45 ||   302
       Sticky Flame      |       |     2 |    13 |    12 ||    27
       Conjure Flame     |       |       |    19 |     2 ||    21
Invok: Bend Time         |       |       |       |     1 ||     1
 Abil: Evoke Flight      |       |     1 |     1 |       ||     2
Evoke: Wand              |       |       |     3 |       ||     3
  Use: Scroll            |       |     1 |     8 |     1 ||    10
 Stab: Sleeping          |     4 |     6 |     8 |     4 ||    22
       Paralysed         |       |       |     1 |       ||     1
  Eat: Chunk             |     2 |     8 |    11 |     3 ||    24
       Ration            |       |       |     1 |       ||     1
Armor: Robe              |    25 |       |    17 |    19 ||    61
       Leather armour    |       |    22 |    32 |       ||    54
Dodge: Dodged            |   105 |    77 |   236 |   121 ||   539
